 Dungeon Sprint DCSS version 0.22.0-6-g71bd7aa (webtiles) character file.

72 poirepourri the Fighter (level 8, -1/97 HPs)
             Began as a Gargoyle Fighter on Aug 14, 2018.
             Was a High Priest of Cheibriados (penitent).
             Slain by a naga warrior
             ... wielding a +0 battleaxe
              (4 damage)
             ... in the Dungeon (Sprint VI: "Thunderdome").
             The game lasted 00:02:34 (497 turns).

poirepourri the Fighter (Gargoyle Fighter)           Turns: 497, Time: 00:02:35

Health: -1/97      AC: 12    Str: 24    XL:     8   Next: 65%
Magic:  6/8        EV: 10    Int: 12    God:    Cheibriados [*]
Gold:   130        SH: 12    Dex: 20    Spells: 7/7 levels left

rFire    + + .     SeeInvis .   a - +0 flail
rCold    + . .     Gourm    .   c - +0 shield
rNeg     + . .     Faith    .   b - +0 scale mail
rPois    ∞         Spirit   .   (no helmet)
rElec    +         Reflect  .   (no cloak)
rCorr    +         Harm     .   (no gloves)
MR       ++...     NoTele   +   (no boots)
Stlth    ..........             s - amulet of Xitt {RegenMP Int+2 Dex+7}
HPRegen  0.26/turn              q - ring of the Republic {MR+ EV+5}
MPRegen  0.36/turn              p - ring of Activism {+Fly rF+ MR+ Dex+2}

@: berserking, resistant, constricted, very slow
A: negative energy resistance 1, electricity resistance, unbreathing,
petrification resistance, rot immunity, AC +5
a: Renounce Religion, Evoke Flight


You were in the Dungeon.
You worshipped Cheibriados.
Cheibriados was demanding penance.
You were not hungry.

You visited 1 branch You collected 350 gold pieces.
You spent 220 gold pieces at shops.

Inventory:

Hand Weapons
 a - a +0 flail (weapon)
Armour
 b - a +0 scale mail (worn)
 c - a +0 shield (worn)
Jewellery
 p - the ring of Activism (right hand) {+Fly rF+ MR+ Dex+2}
   (You bought it in a shop in the Dungeon)

   [ring of dexterity]

   It affects your dexterity (+2).
   It protects you from fire.
   It affects your resistance to hostile enchantments.
   It lets you fly.
 q - the ring of the Republic (left hand) {MR+ EV+5}
   (You bought it in a shop in the Dungeon)

   [ring of evasion]

   It affects your evasion (+5).
   It affects your resistance to hostile enchantments.
 r - the amulet "Agguize" {Inacc rC+}
   (You bought it in a shop in the Dungeon)

   [amulet of inaccuracy]

   It reduces the accuracy of all your attacks.
   It protects you from cold.
 s - the amulet of Xitt (around neck) {RegenMP Int+2 Dex+7}
   (You bought it in a shop in the Dungeon)

   [amulet of magic regeneration]

   It increases your magic regeneration.
   It affects your intelligence (+2).
   It affects your dexterity (+7).
Wands
 m - a wand of acid (5)
 n - a wand of iceblast (1)
Scrolls
 k - 4 scrolls of blinking
 o - 3 scrolls of fog
Potions
 h - 4 potions of haste
 i - 2 potions of magic
Comestibles
 f - 3 rations


   Skills:
 - Level 14.7 Fighting
 - Level 11.2 Maces & Flails
 - Level 3.2 Armour
 + Level 7.2 Shields


You had 7 spell levels left.
You didn't know any spells.
Your spell library was empty.

Dungeon Overview and Level Annotations

Branches:
Dungeon (1/1)

Altars:
Cheibriados
Dithmenos
Fedhas
Gozag
Kikubaaqudgha
Makhleb
Okawaru
Qazlal
Ru
Sif Muna
Trog
Uskayaw
Vehumet
Wu Jian
Xom
Yredelemnul
Zin
The Shining One
Beogh
Jiyva
Lugonu

Shops:
D *[%??*?*:[((!!!!

Annotations:
D Aizul


Innate Abilities, Weirdness & Mutations

You are resistant to torment.
Your stone body is resilient. (AC +5)
You are immune to poison.
You resist negative energy. (rN+)
You are resistant to electric shocks. (rElec)
You can survive without breathing.
You are immune to petrification.
You are immune to rotting.


Message History

Unknown command.
You hit the naga warrior.
The naga warrior is moderately wounded.
Aizul coils herself and waves her upper body at you.
The poison arrow hits you! You partially resist.
* * * LOW HITPOINT WARNING * * *
The naga warrior hits you but does no damage.
* * * LOW HITPOINT WARNING * * *
The naga warrior constricts you.
Unknown command.
A red film seems to cover your vision as you go berserk!
Cheibriados thinks you should slow down.
You feel very guilty.
Cheibriados lowers the support of your attributes as your movement quickens. "You will pay for your transgression, mortal!"
Cheibriados forces you to slow down.
You feel mighty! Aizul closely misses you.
The naga warrior hits you with a battleaxe.
* * * LOW HITPOINT WARNING * * *
You die...

######.8.........8.######
#⌠...........⌠#
###.........###
#....)..._# #_......._#
#_......._# #∩.....).∩#
##∩....S∩## ##...N@##
##⌠⌠⌠## #####


You could see Aizul and a naga warrior.

Vanquished Creatures
  An ogre mage (D)
  Sigmund (D)
  4 ogres (D)
  5 vampire bats (D)
  A hound (D)
  An adder (D)
  An adder zombie (D)
  A quokka (D)
  2 frilled lizards (D)
17 creatures vanquished.

Notes
Turn   | Place    | Note
-------+----------+-------------------------------------------
     0 | D        | poirepourri the Gargoyle Fighter began the quest for the Orb.
     0 | D        | Reached XP level 1. HP: 14/14 MP: 1/1
     1 | D        | Found a blossoming altar of Fedhas.
     1 | D        | Found a radiant altar of Vehumet.
     2 | D        | Found a roughly hewn altar of Beogh.
     2 | D        | Found an ornate altar of the Wu Jian Council.
     3 | D        | Found an opulent altar of Gozag.
     3 | D        | Found a shadowy altar of Dithmenos.
     4 | D        | Found a basalt altar of Yredelemnul.
     4 | D        | Found a viscous altar of Jiyva.
     4 | D        | Found Fod Cem's Staff Store.
     4 | D        | Found Haugeg's Magic Scroll Shop.
     5 | D        | Found a hide-covered altar of Uskayaw.
     5 | D        | Found Uteiph's Must-Have Magic.
     5 | D        | Found Jauqiupn's Magic Scroll Shop.
     5 | D        | Round 1.
    21 | D        | Found a stormy altar of Qazlal.
    22 | D        | Found a sacrificial altar of Ru.
    23 | D        | Found a snail-covered altar of Cheibriados.
    24 | D        | Found Bompoici's Delicious Food.
    25 | D        | Found Eboxar's Jewellery.
    25 | D        | Found Keita's Advanced Armour.
    26 | D        | Found a burning altar of Makhleb.
    26 | D        | Found a glowing silver altar of Zin.
    26 | D        | Found a bloodstained altar of Trog.
    26 | D        | Found Lyqacane's Identification Station.
    33 | D        | Became a worshipper of Cheibriados the Contemplative
    36 | D        | Bought a twitching granite ring for 45 gold pieces
    36 | D        | Bought a brightly glowing steel ring for 45 gold pieces
    36 | D        | Bought a crude tin amulet for 45 gold pieces
    37 | D        | Identified the ring of the Republic {MR+ EV+5} (You bought it in a shop in the Dungeon)
    38 | D        | Identified the ring of Activism {+Fly rF+ MR+ Dex+2} (You bought it in a shop in the Dungeon)
    39 | D        | Identified the amulet "Agguize" {Inacc rC+} (You bought it in a shop in the Dungeon)
    51 | D        | Bought a vibrating sapphire amulet for 45 gold pieces
    57 | D        | Noticed a hound
    59 | D        | Identified the amulet of Xitt {RegenMP Int+2 Dex+7} (You bought it in a shop in the Dungeon)
    67 | D        | Killed a hound
    67 | D        | Reached * piety under Cheibriados
    67 | D        | Reached XP level 2. HP: 12/19 MP: 2/2
    67 | D        | Reached XP level 3. HP: 14/23 MP: 3/3
    75 | D        | Noticed Sigmund
    83 | D        | Killed Sigmund
    83 | D        | Arena points: 12 (+12) [x2]
    83 | D        | Reached XP level 4. HP: 19/28 MP: 4/4
    83 | D        | Reached XP level 5. HP: 22/32 MP: 5/5
    88 | D        | Found a shimmering altar of Xom.
    89 | D        | Found a corrupted altar of Lugonu.
    90 | D        | Found an ancient bone altar of Kikubaaqudgha.
    90 | D        | Found an iron altar of Okawaru.
    91 | D        | Found a glowing golden altar of the Shining One.
    91 | D        | Found Xusse's Weapon Rack.
    91 | D        | Found Niulishru's Premium Goods.
    92 | D        | Found Deakorur's Basic Armour.
    92 | D        | Found Orajuw's Miscellaneous Merchandise.
   134 | D        | Round 2.
   155 | D        | Reached ** piety under Cheibriados
   172 | D        | Arena points: 30 (+18) [x3]
   182 | D        | Round 3.
   201 | D        | Found Raonuc's Distillery.
   203 | D        | Found a deep blue altar of Sif Muna.
   203 | D        | Found Raduur's Do-It-Yourself Clinic.
   205 | D        | Found Werredd's Distillery.
   205 | D        | Found Moloar's Bottled Wisdom.
   216 | D        | Noticed an ogre
   222 | D        | Killed an ogre
   222 | D        | Reached skill level 7 in Fighting
   222 | D        | Reached XP level 6. HP: 40/44 MP: 6/6
   223 | D        | Noticed an ogre mage
   235 | D        | Killed an ogre mage
   235 | D        | Reached *** piety under Cheibriados
   235 | D        | Reached skill level 14 in Fighting
   235 | D        | Reached XP level 7. HP: 31/59 MP: 7/7
   235 | D        | Reached XP level 8. HP: 34/64 MP: 8/8
   326 | D        | Reached **** piety under Cheibriados
   327 | D        | Arena points: 48 (+18) [x1]
   336 | D        | Round 4.
   354 | D        | Reached skill level 5 in Shields
   377 | D        | Bought 2 rations for 40 gold pieces
   408 | D        | Reached ***** piety under Cheibriados
   440 | D        | Arena points: 72 (+24) [x1]
   453 | D        | Round 5.
   461 | D        | Noticed Aizul
   479 | D        | Noticed a naga warrior
   497 | D        | Was placed under penance by Cheibriados
   497 | D        | HP: 3/97 [naga warrior/battleaxe (6)]
   497 | D        | Slain by a naga warrior

Skill      XL: |  1  2  3  4  5  6  7  8 |
---------------+-------------------------+-----
Maces & Flails | 6 11 | 11.2
Fighting       | 7 14 | 14.7
Shields        | 7 |  7.2
Armour         | |  3.2

Action                   |  1- 3 |  4- 6 |  7- 9 || total
-------------------------+-------+-------+-------++-------
Melee: Flail             |    16 |    13 |    40 ||    69
Invok: Bend Time         |       |       |     1 ||     1
Evoke: Wand              |     1 |     2 |     1 ||     4
  Use: Potion            |       |     2 |     6 ||     8
Armor: Scale mail        |     5 |     1 |    18 ||    24
Dodge: Dodged            |    10 |     3 |    41 ||    54
Block: Shield            |    16 |     5 |    44 ||    65
